AoeStats
← federico.parolin

Arabia

509980927Analyzed
1v1 RM · 3d ago on Sep 28, 2026· 24m 2s· 2 players
Game mode
Random Map
Map size
Tiny (2 player)
Population
200
Speed
Normal
Resources
Standard
Victory
Conquest
Starting age
Dark Age
Ending age
Imperial Age
RankedLock teamsTeams togetherTeam positionsShared explorationLock speedFull tech treeHidden civsTurbo modeCheats
Victory
Defeat
🇲🇦 Portuguese · Morocco
1066
+17
🇦🇷 Franks · Argentina
1079
-17
Poketale
7:08 Loom
9:29 Feudal Age
10:11 Double-Bit Axe
21:26 Castle Age
19:54 Scale Barding Armor
19:44 Horse Collar
20:51 Forging
21:19 Gold Mining
21:40 Bloodlines
22:39 Chain Barding Armor
federico.parolin
7:16 Loom
9:53 Feudal Age
11:40 Double-Bit Axe
20:59 Castle Age
Connection lost

Rejoining the realm…

Still unreachable

The connection could not be restored.

Session expired

The server has moved on; the page needs a fresh start.